 Dungeon Crawl Stone Soup version 0.31-a0-1178-gc5c9b8f871 (webtiles) character file.

Game seed: 10306036593462463474

182 Roalbala the Changeling (level 5, -3/45 HPs)
             Began as a Draconian Shapeshifter on Dec 12, 2023.
             Shot with an arrow by a centaur (13 damage)
             ... on level 6 of the Dungeon.
             The game lasted 00:04:45 (2361 turns).

Roalbala the Changeling (Draconian Shapeshifter)    Turns: 2361, Time: 00:04:45

Health: -3/45      AC:  5    Str: 18    XL:     5   Next: 35%
Magic:  5/5        EV: 12    Int: 17    God:
Gold:   150        SH:  0    Dex: 10    Spells: 4/4 levels left

rFire   . .          .
                       - Unarmed
rCold   . . .        (no shield)
rNeg    . . .        (body armour unavailable)
rPois   .            (helmet currently unavailable)
rElec   .            (cloak currently unavailable)
rCorr   .            (gloves currently unavailable)
SInv    .            (boots currently unavailable)
Will    .....        (no amulet)
Stlth   +            i - +6 ring of intelligence
HPRegen 0.27/turn    (no ring)
MPRegen 0.09/turn

%: no passive effects
@: lethally poisoned (-3 -> -12), beast-form
A: beast (slay +2), AC +5, unfitting armour, cold-blooded
a: Begin Untransformation


You were on level 6 of the Dungeon.
You were a hulking beast.
You visited 1 branch of the dungeon, and saw 5 of its levels.

You collected 150 gold pieces.

Inventory:

Jewellery
 i - a +6 ring of intelligence (left hand)
Talismans
 b - a beast talisman
 c - a flux talisman
Scrolls
 d - a scroll of fog
 g - 2 scrolls of identify
 h - a scroll of enchant armour
Potions
 a - a potion of cancellation {unknown}
 e - 3 potions of haste {unknown}
 f - a potion of brilliance {unknown}
 l - 2 potions of berserk rage {unknown}


   Skills:
 * Level 3.4 Fighting
 + Level 2.5 Dodging
 + Level 3.6 Unarmed Combat
 * Level 4.1 Shapeshifting


You had 4 spell levels left.
You didn't know any spells.
Your spell library contained the following spells:

 Spells                   Type           Power      Damage    Failure   Level
 Cigotuvi's Dreadful Rot  Necr/Pois/Air  0%         N/A       34%         2
 Dispel Undead            Necr           0%         3d6       93%         4
 Death Channel            Necr           0%         N/A       100%        6


Dungeon Overview and Level Annotations

Branches:
Dungeon (7/15)
 Temple: D:4-7

Altars:
Dithmenos

Shops:
D:1 (   D:3 :


Innate Abilities, Weirdness & Mutations

You are a hulking beast.
Your limbs bulge with bestial killing power. (Slay +2)
Your plain brown scales are hard. (AC +5)
You cannot fit into any form of body armour.
You are cold-blooded and may be slowed by cold attacks.


Message History

You feel clever.
i - a +6 ring of intelligence (left hand)
The iguana bites you!
The hound barks!
You hit the iguana but do no damage. The iguana bites you!
As you read the scroll of identify, it crumbles to dust.
h - a scroll of enchant armour The iguana barely misses you.
As you read the scroll of identify, it crumbles to dust.
k - a scroll of blinking The iguana bites you.
Blink to where?
Press: ? - help, Dir - move target
As you read the scroll of blinking, it crumbles to dust.
There is a stone staircase leading down here.
You can't go up here!
You climb downwards.
You hear the roar of battle.
There is an entrance to a bailey on this level.
Hurry and find it before the portal closes forever!
The bullfrog croaks.
Found a scroll labelled VILICV BOOG, 12 gold pieces and a falchion.
There is a stone staircase leading up here.
You feel much better.
The phantom hits you but does no damage.
You climb upwards.
The centaur wields a +0 orcbow.
The centaur shoots an arrow.
The arrow hits you! The iguana closely misses you.
There is a stone staircase leading down, spattered with blood here.
You hit the phantom.
Your tail-slap misses the phantom.
The phantom is lightly damaged.
The centaur shoots an arrow.
The arrow hits you! The iguana bites you! The scorpion stings you.
You are poisoned.
The scorpion poisons you!
You can't go up here!
You feel very sick. The phantom hits you.
* * * LOW HITPOINT WARNING * * *
The phantom blinks!
You blink.
You stop descending the stairs.
The centaur shoots an arrow.
The arrow hits you!
You die...

#.###### #
#s####.#
#.l....#
######.# #.##
#####..##
#.......#
##..##..##
##8h.8#..#####
#..W..c......#
#..l§s..####.#
##8§.8###
##..## #.#.#
#.#.#
#####.#.#
#.....#.#


You could see a phantom, a centaur, a scorpion and an iguana.

Vanquished Creatures
  Terence (D:2)
  A sleepcap (D:6)
  2 orc wizards (D:2)
  3 gnolls (D:2)
  An adder (D:2)
  2 worms
  2 dart slugs
  2 orcs (D:2)
  2 bats
  3 endoplasms
  A giant cockroach (D:2)
  2 hobgoblins
  2 kobolds
  A quokka (D:3)
  4 ball pythons
  2 frilled lizards
  6 goblins
  2 rats
39 creatures vanquished.

Notes
Turn   | Place    | Note
-------+----------+-------------------------------------------
     0 | D:1      | Roalbala the Draconian Shapeshifter began the quest for the
                  | Orb.
     0 | D:1      | Reached XP level 1. HP: 16/16 MP: 1/1
   451 | D:1      | Reached XP level 2. HP: 23/23 MP: 2/2
   671 | D:1      | Found Loc Wod's Antique Weapon Shop.
   997 | D:2      | Reached XP level 3. HP: 13/29 MP: 3/3
  1070 | D:2      | Noticed Terence
  1084 | D:2      | Killed Terence
  1085 | D:2      | Reached XP level 4. HP: 17/37 MP: 4/4
  1603 | D:2      | Reached XP level 5. HP: 28/45 MP: 5/5
  1607 | D:2      | Reached skill level 4 in Shapeshifting
  1779 | D:3      | Found Xeghuseu's Book Shop.
  2091 | D:3      | Found a shadowy altar of Dithmenos.
  2230 | D:3      | You fall into a shaft and drop 3 floors!
  2326 | D:6      | Noticed a centaur
  2356 | D:7      | Noticed a phantom
  2361 | D:6      | Shot with an arrow by a centaur

Illustrated notes

Levels and vault maps discovered:
D:1:      shiori_arrival_elements, layout_loops_ring, serial_shops,
          nicolae_shop_real_fake_doors, minivault_5, nicolae_titane
D:2:      layout_rooms, serial_forest, infiniplex_forest_straight_1,
          infiniplex_forest_lined_4_way, infiniplex_forest_lined_corner,
          infiniplex_forest_pool, infiniplex_forest_pool,
          infiniplex_forest_lined_room_, infiniplex_forest_straight_4,
          infiniplex_forest_zigzag_1, infiniplex_forest_clump_large,
          infiniplex_forest_clump_small, uniq_terence
D:3:      minmay_door_path, layout_loops_ring,
          grunt_dithmenos_smoke_and_mirrors, serial_shops, shop
D:6:      minmay_chambers_of_threes, layout_loops_ring, minmay_misc_feat_cross,
          st_stairs_6
D:7:      layout_cave_pods, enter_bailey_5, uniq_menkaure, uniq_pikel

Skill      XL: |  1  2  3  4  5 |
---------------+----------------+-----
Fighting       | 2 3 |  3.4
Dodging        | 2 |  2.5
Shapeshifting  | 4 |  4.1
Unarmed Combat | |  3.6

Action                     |  1- 3 |  4- 6 || total
---------------------------+-------+-------++-------
  Melee: Unarmed           |    66 |    69 ||   135
         Tailslap          |     9 |     4 ||    13
         Punch             |     2 |     1 ||     3
    Use: Scroll            |     4 |     3 ||     7
         Potion            |     2 |     1 ||     3
 Armour: Skin              |    33 |    51 ||    84
  Dodge: Dodged            |    48 |    36 ||    84

Table legend: (Time is in decaauts)
 A = Elapsed time spent in this place.
 B = Non-inter-level travel time spent in this place.
 C = Inter-level travel time spent in this place.
 D = Time resting spent in this place.
 E = Time spent auto-exploring this place.
 F = Levels seen in this place.
 G = Mean time per level.
                   A        B        C        D        E       F      G
               +--------+--------+--------+--------+--------+-----+--------+
         Total |   2354 |   2284 |     70 |      0 |   1920 |   5 |  470.8 |
       Dungeon |   2354 |   2284 |     70 |      0 |   1920 |   5 |  470.8 |
               +--------+--------+--------+--------+--------+-----+--------+

Top non-repeatable levels by time:
     D:1: 950 daAuts
     D:2: 825 daAuts
     D:3: 448 daAuts
     D:6: 127 daAuts
     D:7: 2 daAuts
